[Event "Titled Tuesday Blitz January 25 2022"]
[White "Odegov, Artem"]
[Black "Urazayev, Arystanbek"]
[WhiteFideId "34183644"]
[BlackFideId "13709810"]
[WhiteElo "2277"]
[BlackElo "2321"]
[Result "1/2-1/2"]
[Round "02"]
[TimeControl "180+1"]
[Date "2022.01.26"]
[WhiteClock "0:00:05"]
[BlackClock "0:00:09"]

1. d4 d5 2. c4 e6 3. Nf3 h6 4. Nc3 Nf6 5. Bf4 Bd6 6. Ne5 O-O 7. e3 c5 8. Be2 Nc6 9. O-O cxd4 10. exd4 dxc4 11. Nxc6 bxc6 12. Be5 Nd5 13. Ne4 Bxe5 14. dxe5 Rb8 15. Bxc4 Rxb2 16. Bb3 Nf4 17. Qf3 Ne2+ 18. Kh1 Qd4 19. Rad1 Qxe5 20. Qe3 Ba6 21. Rfe1 Nf4 22. Nc5 Qxe3 23. fxe3 Nxg2 24. Nxa6 Nxe1 25. Rxe1 Rd8 26. Nb4 Rdd2 27. Nxc6 Rxh2+ 28. Kg1 a6 29. Rc1 Rbg2+ 30. Kf1 Kh7 31. Ne5 a5 32. Nxf7 Rf2+ 33. Kg1 Rhg2+ 34. Kh1 a4 35. Bxe6 Rh2+ 36. Kg1 Rfg2+ 37. Kf1 g6 38. Ne5 Kg7 39. Nf3 Rf2+ 40. Kg1 Rhg2+ 41. Kh1 Rg3 42. Bd5 Rfxf3 43. Bxf3 Rxf3 44. Rc4 a3 45. Rc3 g5 46. Rxa3 Rf2 47. Kg1 Rb2 48. Ra6 h5 49. a4 g4 50. a5 h4 51. Rb6 Ra2 52. a6 h3 53. Rb4 g3 54. Rg4+ Kf6 55. Rxg3 Rxa6 56. Rxh3 Ke5 57. Kf2 Rf6+ 58. Ke2 Ra6 59. Rh4 Ra1 60. Kf3 Rf1+ 61. Ke2 Ra1 62. Rd4 Rh1 63. Ra4 Rb1 64. Kd2 Rh1 65. Rd4 Ra1 66. Rc4 Rh1 67. Kd3 Rd1+ 68. Ke2 Rh1 69. Rc5+ Ke4 70. Rb5 Rh2+ 71. Kd1 Kd3 72. Rb3+ Ke4 73. Ra3 Rf2 74. Rb3 Rg2 75. Ra3 Rf2 76. Rb3 Rg2 77. Ra3 Rf2 1/2-1/2


[Site "https://www.chess.com"]

[Event "Titled Tuesday Blitz January 25 2022"]
[White "Okike, David"]
[Black "Szpar, Milosz"]
[WhiteFideId "8500134"]
[BlackFideId "1184989"]
[WhiteElo "2232"]
[BlackElo "2447"]
[Result "0-1"]
[Round "02"]
[TimeControl "180+1"]
[Date "2022.01.26"]
[WhiteClock "0:00:04"]
[BlackClock "0:00:05"]

1. e4 c5 2. Nf3 d6 3. d4 cxd4 4. Nxd4 Nf6 5. Nc3 Nc6 6. Bg5 e6 7. f3 Qb6 8. Nb3 Be7 9. Qd2 O-O 10. O-O-O a6 11. h4 Qc7 12. h5 Rd8 13. h6 g6 14. Qf4 Ne8 15. Bxe7 Qxe7 16. g4 Qf6 17. Qg3 g5 18. Rh5 Kf8 19. Bd3 Ne5 20. Nd2 b5 21. Ne2 Bb7 22. f4 gxf4 23. Nxf4 Rac8 24. Kb1 Ke7 25. g5 Qh8 26. Rhh1 Kd7 27. Rhf1 Kc7 28. Nf3 Kb8 29. Ne2 Nc4 30. Bxc4 Rxc4 31. Nfd4 Bxe4 32. Rxf7 Bg6 33. Rf2 Rdc8 34. Rd2 Qe5 35. Qf3 d5 36. b3 R4c7 37. Kb2 Nd6 38. Ng3 Rxc2+ 39. Rxc2 Qxd4+ 40. Kb1 Rxc2 41. Rxc2 Kb7 42. Ne2 Qd1+ 43. Kb2 Qxc2+ 44. Ka1 Qb1# 0-1


[Site "https://www.chess.com"]

[Event "Titled Tuesday Blitz January 25 2022"]
[White "Pajeken, Jakob Leon"]
[Black "Vysochin, Spartak"]
[WhiteFideId "12942839"]
[BlackFideId "14103516"]
[WhiteElo "2351"]
[BlackElo "2401"]
[Result "1-0"]
[Round "02"]
[TimeControl "180+1"]
[Date "2022.01.26"]
[WhiteClock "0:00:19"]
[BlackClock "0:00:08"]

1. d4 d5 2. Nf3 Nf6 3. Bf4 c5 4. e3 Qb6 5. Nc3 a6 6. dxc5 Qxc5 7. Qd2 Nc6 8. O-O-O Bf5 9. Nd4 Nxd4 10. exd4 Qa5 11. Kb1 e6 12. a3 Rc8 13. Ne4 Qxd2 14. Nxf6+ gxf6 15. Rxd2 Kd7 16. f3 b5 17. Bd3 Bg6 18. h4 Bd6 19. Bxd6 Kxd6 20. h5 Bxd3 21. Rxd3 f5 22. g4 fxg4 23. fxg4 Rhg8 24. Rf1 Rxg4 25. Rxf7 Rg1+ 26. Ka2 Rxc2 27. Rxh7 a5 28. Rb3 Kc6 29. Re3 Kd6 30. Rh6 a4 31. Rexe6+ Kd7 32. Ra6 Kc7 33. Ra7+ Kb8 34. Rd7 Rgg2 35. Rh8+ Rc8 36. Rxc8+ Kxc8 37. Rxd5 Rd2 38. h6 Kc7 39. Rh5 b4 40. axb4 Rxd4 41. h7 1-0


[Site "https://www.chess.com"]

[Event "Titled Tuesday Blitz January 25 2022"]
[White "Panesar Vedant"]
[Black "Kanyamarala, Tarun"]
[WhiteFideId "35033018"]
[BlackFideId "45004714"]
[WhiteElo "1971"]
[BlackElo "2144"]
[Result "1-0"]
[Round "02"]
[TimeControl "180+1"]
[Date "2022.01.26"]
[WhiteClock "0:00:18"]
[BlackClock "0:00:01"]

1. d4 Nf6 2. c4 e6 3. Nc3 Bb4 4. f3 d5 5. a3 Be7 6. e4 dxe4 7. fxe4 c5 8. d5 exd5 9. exd5 O-O 10. Be2 Re8 11. Nf3 Bf5 12. O-O Bg6 13. Ne5 Nbd7 14. Nxg6 hxg6 15. Bf4 a6 16. d6 Bf8 17. Bf3 Ne5 18. Bxb7 Rb8 19. Bxa6 Rxb2 20. Bb5 Qa8 21. Rf2 Rxf2 22. Kxf2 Neg4+ 23. Kg1 Ne3 24. Qd2 Nf5 25. Bxe8 Qxe8 26. Re1 Qc6 27. Nb5 Nh5 28. Be5 Qd7 29. a4 Nh4 30. Re4 Nf5 31. a5 f6 32. Qd5+ Kh7 33. a6 fxe5 34. a7 Nh4 35. a8=Q Qf5 36. Qa1 Nf4 37. Rxf4 Qxf4 38. Qf1 Qe3+ 39. Kh1 e4 40. d7 Qf4 41. Qxf4 1-0


[Site "https://www.chess.com"]

[Event "Titled Tuesday Blitz January 25 2022"]
[White "Parkhov, Yair"]
[Black "Bluebaum, Matthias"]
[WhiteFideId "2813408"]
[BlackFideId "24651516"]
[WhiteElo "2164"]
[BlackElo "2550"]
[Result "0-1"]
[Round "02"]
[TimeControl "180+1"]
[Date "2022.01.26"]
[WhiteClock "0:00:06"]
[BlackClock "0:00:19"]

1. e4 c6 2. Nf3 d5 3. Nc3 dxe4 4. Nxe4 Nf6 5. Qe2 Nxe4 6. Qxe4 Nd7 7. Bc4 Nf6 8. Ne5 e6 9. Qe3 Bd6 10. O-O O-O 11. d4 Qc7 12. b3 b5 13. Bd3 Bb7 14. Bb2 a6 15. Rae1 Rad8 16. Qh3 g6 17. Qh6 Rfe8 18. d5 Bf8 19. Qh4 Nxd5 20. Ng4 f5 21. Be5 Qf7 22. Nh6+ Bxh6 23. Qxh6 Nf6 24. Be2 c5 25. Rd1 Rd5 26. f4 Red8 27. Bf3 Rxd1 28. Rxd1 Rxd1+ 29. Bxd1 Qd7 30. Be2 Ng4 31. Qh4 Qd2 32. Bxg4 Qxg2# 0-1


[Site "https://www.chess.com"]

[Event "Titled Tuesday Blitz January 25 2022"]
[White "Petesch, Gabriel"]
[Black "Shevchenko, Kirill"]
[WhiteFideId "2032465"]
[BlackFideId "14129574"]
[WhiteElo "2374"]
[BlackElo "2624"]
[Result "0-1"]
[Round "02"]
[TimeControl "180+1"]
[Date "2022.01.26"]
[WhiteClock "0:00:02"]
[BlackClock "0:01:03"]

1. e3 Nf6 2. Nf3 c5 3. d4 e6 4. c4 d5 5. Nc3 a6 6. Be2 dxc4 7. Bxc4 b5 8. Be2 Bb7 9. O-O Nbd7 10. a4 b4 11. Nb1 Rc8 12. Nbd2 Be7 13. b3 Nd5 14. Bb2 O-O 15. Rc1 cxd4 16. Nxd4 Nc3 17. Bxc3 bxc3 18. Nc4 Bb4 19. Bf3 Bxf3 20. Qxf3 Qc7 21. Rfd1 Nc5 22. Qg4 f5 23. Qh3 Rfe8 24. a5 Nxb3 25. Nb6 Nxc1 26. Rxc1 Rcd8 27. Nc4 Qxc4 0-1


[Site "https://www.chess.com"]

[Event "Titled Tuesday Blitz January 25 2022"]
[White "Piesik, Piotr"]
[Black "Svane, Frederik"]
[WhiteFideId "1136194"]
[BlackFideId "12923044"]
[WhiteElo "2232"]
[BlackElo "2459"]
[Result "0-1"]
[Round "02"]
[TimeControl "180+1"]
[Date "2022.01.26"]
[WhiteClock "0:01:11"]
[BlackClock "0:00:04"]

1. Nf3 Nf6 2. g3 e6 3. Bg2 d5 4. O-O Be7 5. d3 c5 6. Nbd2 Nc6 7. e4 O-O 8. Re1 a5 9. e5 Nd7 10. c3 a4 11. a3 b5 12. h4 Qa5 13. h5 h6 14. Nf1 b4 15. Bd2 bxc3 16. bxc3 Qb5 17. Bf4 Rb8 18. N1h2 Qb2 19. Bd2 Ba6 20. Bf1 Rfe8 21. Ng4 Bf8 22. c4 dxc4 23. dxc4 Qb3 24. Qe2 Nd4 25. Nxd4 cxd4 26. Qe4 Bb7 27. Qxd4 Qf3 0-1


[Site "https://www.chess.com"]

[Event "Titled Tuesday Blitz January 25 2022"]
[White "Piorun, Kacper"]
[Black "Agasarov, Benik"]
[WhiteFideId "1130420"]
[BlackFideId "13314823"]
[WhiteElo "2571"]
[BlackElo "2574"]
[Result "1-0"]
[Round "02"]
[TimeControl "180+1"]
[Date "2022.01.26"]
[WhiteClock "0:00:10"]
[BlackClock "0:00:08"]

1. c4 e5 2. g3 Nc6 3. Bg2 g6 4. Nc3 Bg7 5. d3 d6 6. e4 Nge7 7. Nge2 O-O 8. O-O f5 9. Nd5 h6 10. Be3 g5 11. exf5 Nxf5 12. Nec3 Ncd4 13. Ne4 c6 14. Ndc3 Nxe3 15. fxe3 Rxf1+ 16. Bxf1 Nf5 17. Qf3 Be6 18. Bh3 Qd7 19. Bxf5 Bxf5 20. Nxd6 Bxd3 21. Nce4 Rf8 22. Qh5 Bxe4 23. Nxe4 Qd3 24. Qg4 Qxe3+ 25. Kg2 h5 26. Qe6+ Kh8 27. Qg6 Qf3+ 28. Kg1 Rf5 29. Re1 Bf8 30. Qe8 Kg7 31. Qd7+ Rf7 32. Qd2 Rf5 33. b4 h4 34. Nxg5 Qg4 35. Re4 Qxg5 36. Qd1 hxg3 37. Rg4 gxh2+ 38. Kxh2 Rf2+ 39. Kg3 Rf5 40. Rxg5+ Rxg5+ 41. Kf3 Rf5+ 42. Ke4 Rf4+ 43. Kxe5 Rf7 44. Qg4+ Kh8 45. Qh3+ Kg8 46. c5 Bg7+ 47. Ke4 Re7+ 48. Kd3 Re8 49. Qd7 Rb8 50. Qc7 Rf8 51. Qxb7 Rf3+ 52. Ke4 Rf2 53. a4 Rb2 54. b5 Rb4+ 55. Kf5 Rc4 56. Qc8+ Kh7 57. Qxc6 Rxa4 58. Qh1+ Kg8 59. Qd5+ Kh7 60. c6 Ra1 61. c7 Rf1+ 62. Ke6 Rc1 63. Kd7 Bf6 64. c8=Q Rxc8 65. Kxc8 Kg6 66. Kb7 Kg7 67. Kxa7 Kg6 68. b6 Be5 69. b7 Bb8+ 70. Kxb8 Kf6 71. Kc7 Ke7 72. b8=Q Kf6 73. Qb6+ Kg7 74. Qd7+ Kf8 75. Qb8# 1-0


[Site "https://www.chess.com"]

[Event "Titled Tuesday Blitz January 25 2022"]
[White "Poliannikov, Danila"]
[Black "Srihari L R"]
[WhiteFideId "30935245"]
[BlackFideId "46617116"]
[WhiteElo "2515"]
[BlackElo "2121"]
[Result "1-0"]
[Round "02"]
[TimeControl "180+1"]
[Date "2022.01.26"]
[WhiteClock "0:00:05"]
[BlackClock "0:00:05"]

1. Nf3 c5 2. c4 Nf6 3. b3 g6 4. Bb2 Bg7 5. g3 O-O 6. Bg2 Nc6 7. O-O d6 8. e3 Bg4 9. h3 Bxf3 10. Bxf3 e5 11. d3 Qd7 12. Bg2 d5 13. cxd5 Nxd5 14. a3 Rad8 15. Qc2 b6 16. Nc3 Nxc3 17. Qxc3 Rc8 18. Rfd1 Rfd8 19. Rac1 h6 20. b4 Ne7 21. Qb3 cxb4 22. Rxc8 Rxc8 23. axb4 Qc7 24. Rc1 Qd7 25. Rc4 Nf5 26. Qc2 Nd6 27. Rxc8+ Qxc8 28. Qxc8+ Nxc8 29. Kf1 f6 30. Bd5+ Kf8 31. b5 Ke8 32. Ba3 Bf8 33. Bb2 Nd6 34. d4 e4 35. Ba3 Nxb5 36. Bc6+ Kf7 37. Bxf8 Nxd4 38. exd4 Kxf8 39. Bxe4 f5 40. Bd3 Ke7 41. Ke2 Kd6 42. Bc4 Kc6 43. Kd3 b5 44. Bf7 g5 45. Be6 f4 46. gxf4 gxf4 47. Ke4 a5 48. Ke5 a4 49. d5+ Kc7 50. d6+ Kd8 51. Kd4 b4 52. Kc4 b3 53. Kb4 b2 54. Bf5 b1=Q+ 55. Bxb1 Kd7 56. Kc5 Ke6 57. Kc6 a3 58. d7 Ke7 59. Kc7 a2 60. d8=Q+ Kf7 61. Bxa2+ Kg6 62. Be6 h5 63. Qf8 f3 64. Qf5+ Kg7 65. Kd7 h4 66. Ke7 Kh6 67. Qg4 Kh7 68. Kf7 Kh6 69. Qxh4# 1-0


[Site "https://www.chess.com"]

[Event "Titled Tuesday Blitz January 25 2022"]
[White "Postnikov, Daniil"]
[Black "Dastan, Muhammed Batuhan"]
[WhiteFideId "4166329"]
[BlackFideId "6300014"]
[WhiteElo "2261"]
[BlackElo "2410"]
[Result "0-1"]
[Round "02"]
[TimeControl "180+1"]
[Date "2022.01.26"]
[WhiteClock "0:00:08"]
[BlackClock "0:00:22"]

1. e4 c5 2. Nf3 d6 3. Bb5+ Nd7 4. d4 Nf6 5. dxc5 Qa5+ 6. Nc3 Nxe4 7. Bxd7+ Bxd7 8. Bd2 Nxd2 9. Qxd2 Qxc5 10. O-O Bc6 11. Nd4 e6 12. Nxc6 Qxc6 13. Qd4 a6 14. Rad1 O-O-O 15. b4 d5 16. Rb1 Qc4 17. Qe3 Bd6 18. Na4 Qf4 19. Qh3 Kb8 20. Nb6 Bc7 21. Na4 Bd6 22. Nb6 Qd4 23. Na4 Rc8 24. c3 Qf4 25. Rfc1 Rc6 26. g3 Qf3 27. Qf1 Rhc8 28. b5 axb5 29. Qxb5 R8c7 30. Rc2 Qe4 31. Rcb2 Qc4 0-1


[Site "https://www.chess.com"]

[Event "Titled Tuesday Blitz January 25 2022"]
[White "Przybylski, Wojciech"]
[Black "Kalashian, David"]
[WhiteFideId "1117599"]
[BlackFideId "13302418"]
[WhiteElo "2133"]
[BlackElo "2490"]
[Result "1-0"]
[Round "02"]
[TimeControl "180+1"]
[Date "2022.01.26"]
[WhiteClock "0:00:11"]
[BlackClock "0:00:27"]

1. e4 c6 2. d4 g6 3. Nc3 Bg7 4. Be3 d6 5. a4 Nf6 6. f3 O-O 7. Qd2 e5 8. Nge2 Nbd7 9. a5 Re8 10. dxe5 dxe5 11. Nc1 Nf8 12. Nb3 Ne6 13. O-O-O Qe7 14. Qd6 Qxd6 15. Rxd6 Bf8 16. Rd2 Bb4 17. Bc4 Nf4 18. Rhd1 Be6 19. Bxf4 Bxc4 20. Bg5 Kg7 21. Bxf6+ Kxf6 22. Rd7 Re7 23. Na2 Bxb3 24. Nxb4 Be6 25. R7d6 a6 26. Nd3 h5 27. h4 Rc7 28. Nc5 Ke7 29. R6d2 Rg8 30. Rh1 g5 31. hxg5 Rxg5 32. b3 Bc8 33. Kb2 f5 34. Kc3 f4 35. Kb4 Ke8 36. Nd3 Rcg7 37. Rh2 h4 38. Kc5 h3 39. gxh3 Rh5 40. Rdf2 Rg3 41. Kb6 c5 42. Kxc5 Bxh3 43. c4 Rh4 44. Nxe5 Ke7 45. Kd4 Kf6 46. Nd3 Kg5 47. Ke5 Rh8 48. Kd4 Rd8+ 49. Kc3 Kh4 50. Nxf4 Rf8 51. Nxh3 Rxh3 52. Rxh3+ Kxh3 53. f4 Kg3 54. Rf1 Kg2 55. Re1 Rxf4 56. e5 Kf2 57. Rd1 Re4 58. Rd5 Kf3 59. b4 Re3+ 60. Kc2 Ke4 61. e6 Kf4 62. Rd7 Rxe6 63. Rxb7 Ke4 64. Rb6 Re5 65. Kc3 Rh5 66. Rxa6 Rh3+ 67. Kc2 Kd4 68. Rc6 Rh2+ 69. Kb3 Rh1 70. a6 Ra1 71. b5 Rb1+ 72. Kc2 Ra1 73. Kb2 Ra5 74. Kb3 Ra1 75. Rc7 Ke5 76. Rd7 Ke6 77. Rd5 Ra5 78. Kb4 Ra1 79. Kc5 Rc1 80. Rd4 Ra1 81. Rd3 Ra2 82. Rd1 Ke7 83. Kc6 Rc2 84. c5 Rh2 85. Kc7 Rh6 86. Rd6 Rh7 87. Rd7+ Ke6 88. Rxh7 Kd5 89. Rh5+ Kc4 90. Kc6 Kb4 91. Kb6 Kc3 92. c6 Kd4 93. a7 Ke4 94. Rh6 Kf4 95. Rh7 Kg5 96. Rh8 Kg6 97. Rf8 Kg7 98. Re8 Kf6 99. Rd8 Kf7 100. c7 Ke7 101. Kb7 Kf6 102. b6 Ke5 103. Rc8 Ke6 104. Rb8 Ke7 105. a8=Q Kd7 106. Rd8+ Ke6 107. Re8+ Kd5 108. Qd8+ Kc4 109. Re4+ Kb5 110. Qd5# 1-0


[Site "https://www.chess.com"]

[Event "Titled Tuesday Blitz January 25 2022"]
[White "Pultinevicius, Paulius"]
[Black "Bilan, Danila"]
[WhiteFideId "12809390"]
[BlackFideId "24161918"]
[WhiteElo "2413"]
[BlackElo "2164"]
[Result "1-0"]
[Round "02"]
[TimeControl "180+1"]
[Date "2022.01.26"]
[WhiteClock "0:00:16"]
[BlackClock "0:00:06"]

1. b3 d5 2. Bb2 Nf6 3. e3 Bf5 4. Nf3 e6 5. c4 c6 6. Nc3 h6 7. d4 Ne4 8. Bd3 Bb4 9. Qc2 Qa5 10. Bxe4 Bxe4 11. Qd2 Bxf3 12. gxf3 Ba3 13. Bxa3 Qxa3 14. Rg1 g6 15. cxd5 exd5 16. Kf1 Qd6 17. e4 Qxh2 18. exd5 O-O 19. Ne4 cxd5 20. Ke2 dxe4 21. Rh1 exf3+ 22. Kd3 Qxh1 23. Rxh1 h5 24. Ke3 Nc6 25. Kxf3 Rad8 26. d5 Ne5+ 27. Kg3 Rfe8 28. Re1 Ng4 29. Rxe8+ Rxe8 30. d6 Rd8 31. Qd5 Nf6 32. Qxb7 Rxd6 33. Qb8+ Ne8 34. Qxe8+ Kg7 35. Qe5+ Rf6 36. Qd4 g5 37. Qxa7 Kg6 38. Qd4 h4+ 39. Kg2 Rf3 40. Kxf3 1-0


[Site "https://www.chess.com"]

[Event "Titled Tuesday Blitz January 25 2022"]
[White "Risteski, Emil"]
[Black "Priasmoro, Novendra"]
[WhiteFideId "15005267"]
[BlackFideId "7105029"]
[WhiteElo "2070"]
[BlackElo "2309"]
[Result "0-1"]
[Round "02"]
[TimeControl "180+1"]
[Date "2022.01.26"]
[WhiteClock "0:00:07"]
[BlackClock "0:00:24"]

1. e4 c5 2. Be2 Nc6 3. d3 g6 4. f4 Bg7 5. Nf3 e6 6. O-O Nge7 7. Kh1 O-O 8. Qe1 d6 9. Qh4 b5 10. f5 exf5 11. Bh6 f6 12. Bxg7 Kxg7 13. Nbd2 Ne5 14. c3 g5 15. Qe1 N5g6 16. d4 fxe4 17. Nxe4 Bb7 18. Bxb5 Nf5 19. dxc5 dxc5 20. Nxc5 Qb6 21. Ne6+ Kh8 22. Nxf8 Rxf8 23. a4 g4 24. Nd4 Nxd4 25. cxd4 Qxd4 26. Qf2 Qb4 27. Rad1 a6 28. Rd4 Qc5 29. Bd3 Ne5 30. Be4 g3 31. hxg3 Ng4 32. Qf5 Qxf5 33. Rxf5 Re8 34. Rf4 f5 35. Rxg4 fxe4 36. Rf4 e3 37. Rf1 e2 38. Re1 a5 39. Kg1 Ba6 40. Kf2 Rf8+ 41. Rf4 Rb8 42. b4 axb4 43. Rb1 b3 44. a5 b2 45. Rf6 Bd3 46. Rb6 Rf8+ 47. Ke3 Bxb1 48. Kxe2 Re8+ 49. Kd2 Be4 50. Rxb2 Bxg2 51. Ra2 Bf3 52. Ra3 Ba8 53. a6 Kg7 54. a7 Kg6 55. Ra4 Kg5 56. Rh4 h5 57. Rb4 Bf3 58. Rb8 Re2+ 59. Kd3 Ra2 60. Rg8+ Kh6 61. Rh8+ Kg6 62. Rg8+ Kh7 63. Rg5 Rxa7 64. Ke3 Rf7 65. Re5 Bg4 66. Rc5 Rf3+ 67. Ke4 Rxg3 68. Kf4 Rf3+ 69. Kg5 Rf7 70. Rc6 Rg7+ 71. Kh4 Bf3 72. Rc5 Rg4+ 73. Kxh5 Rc4+ 0-1


[Site "https://www.chess.com"]

[Event "Titled Tuesday Blitz January 25 2022"]
[White "Ronka, Erik"]
[Black "Golubka, Petro"]
[WhiteFideId "505080"]
[BlackFideId "14114224"]
[WhiteElo "2264"]
[BlackElo "2392"]
[Result "0-1"]
[Round "02"]
[TimeControl "180+1"]
[Date "2022.01.26"]
[WhiteClock "0:00:02"]
[BlackClock "0:00:24"]

1. d4 d5 2. Nf3 Nf6 3. g3 e6 4. Bg2 Be7 5. O-O O-O 6. c4 c6 7. Qc2 Nbd7 8. Nbd2 b6 9. e4 Bb7 10. e5 Ne8 11. cxd5 exd5 12. Qf5 Nc7 13. Re1 Ne6 14. Nf1 c5 15. Be3 Rc8 16. h4 cxd4 17. Nxd4 Ndc5 18. Rad1 Qe8 19. b3 a5 20. Nh2 Nxd4 21. Bxd4 Qd7 22. Qxd7 Nxd7 23. Bh3 Rc7 24. Bxd7 Rxd7 25. Bxb6 Bb4 26. Re3 d4 27. Red3 Rc8 28. Nf3 Bxf3 29. Rxf3 Rc2 30. Rfd3 Rxa2 31. Rxd4 Rxd4 32. Rxd4 h5 33. Rd5 Kh7 34. Kg2 Kg6 35. Rb5 Kf5 36. Bc5 Bc3 37. Bb6 Ke6 38. Kf3 g6 39. Rc5 Bb4 40. Rb5 Ra3 41. Bc5 Rxb3+ 42. Kg2 Rb2 43. Bb6 a4 44. Bc5 Bc3 45. Bb4 Rxb4 46. Rxb4 Bxb4 0-1


[Site "https://www.chess.com"]

[Event "Titled Tuesday Blitz January 25 2022"]
[White "Rustemov, Alexander"]
[Black "Grieve, Harry"]
[WhiteFideId "4119002"]
[BlackFideId "426520"]
[WhiteElo "2735"]
[BlackElo "2294"]
[Result "1-0"]
[Round "02"]
[TimeControl "180+1"]
[Date "2022.01.26"]
[WhiteClock "0:00:32"]
[BlackClock "0:00:03"]

1. d4 f5 2. g3 Nf6 3. Bg2 g6 4. Nf3 Bg7 5. O-O O-O 6. c4 d6 7. Nc3 c6 8. Qc2 Na6 9. Rb1 Nc7 10. b4 Nh5 11. b5 e5 12. bxc6 bxc6 13. dxe5 dxe5 14. Ba3 e4 15. Bxf8 Qxf8 16. Nd2 Be6 17. e3 Na6 18. Ne2 Nb4 19. Qa4 c5 20. a3 Nd3 21. f3 exf3 22. Nxf3 Rd8 23. Qxa7 Bxc4 24. Qa4 Bd5 25. Nf4 Nhxf4 26. exf4 c4 27. Ne1 Qc5+ 28. Kh1 Bxg2+ 29. Kxg2 Qd5+ 30. Rf3 Nc5 31. Qc2 c3 32. Kh3 Ne4 33. Rd3 Qa8 34. Qb3+ Kh8 35. Rxd8+ Qxd8 36. Qb8 Qf8 37. Qxf8+ Bxf8 38. a4 Bc5 39. a5 Kg7 40. a6 Kf6 41. Rb7 Ke6 42. a7 Bxa7 43. Rxa7 Kd5 44. Rxh7 Kd4 45. Rg7 Ke3 46. Rd7 Ke2 47. Nc2 Nd2 48. Kh4 Kd1 49. Nb4 Kc1 50. Kg5 Kb2 51. Kxg6 Kb3 52. Rb7 Nc4 53. Nd5+ Kc2 54. Nxc3 Kxc3 55. h4 1-0


[Site "https://www.chess.com"]

[Event "Titled Tuesday Blitz January 25 2022"]
[White "Sadovsky, Artem"]
[Black "Boros, Denes"]
[WhiteFideId "4155840"]
[BlackFideId "722340"]
[WhiteElo "2369"]
[BlackElo "2464"]
[Result "1-0"]
[Round "02"]
[TimeControl "180+1"]
[Date "2022.01.26"]
[WhiteClock "0:01:41"]
[BlackClock "0:02:05"]

1. Nf3 g6 2. e4 Bg7 3. d4 d5 4. e5 c5 5. c3 Nc6 6. dxc5 Nxe5 7. Nxe5 Bxe5 8. Bb5+ Bd7 9. Qxd5 Bxb5 10. Qxe5 Qd3 11. Na3 O-O-O 12. Bf4 1-0


[Site "https://www.chess.com"]

[Event "Titled Tuesday Blitz January 25 2022"]
[White "Samadov, Read"]
[Black "Song, Michael"]
[WhiteFideId "13417444"]
[BlackFideId "2613190"]
[WhiteElo "2084"]
[BlackElo "2274"]
[Result "0-1"]
[Round "02"]
[TimeControl "180+1"]
[Date "2022.01.26"]
[WhiteClock "0:01:14"]
[BlackClock "0:01:56"]

1. d4 Nf6 2. c4 e6 3. Nf3 d5 4. g3 Be7 5. Bg2 O-O 6. O-O dxc4 7. Qc2 a6 8. a4 Bd7 9. Qxc4 Bc6 10. Bg5 Nbd7 11. Nc3 Ne4 12. Bxe7 Qxe7 13. Nxe4 Bxe4 14. Qxc7 Rfc8 15. Qf4 Nf6 16. Rfc1 Qb4 17. Qd2 Qb3 18. Rc3 Rxc3 19. Qxc3 Qxc3 20. bxc3 Rc8 21. Rc1 Nd5 22. c4 Nb6 23. c5 Nxa4 24. Ne5 Bxg2 25. Kxg2 b5 26. Nc6 Rxc6 27. f4 f5 28. Kf3 b4 29. Rc4 a5 30. e4 Nc3 31. e5 Kf8 32. Ke3 Ke7 33. Kd3 Kd7 34. Kc2 Rc8 35. Kb3 Kc6 0-1


[Site "https://www.chess.com"]

[Event "Titled Tuesday Blitz January 25 2022"]
[White "Seemann, Jakub"]
[Black "Sapunov, Evgeny"]
[WhiteFideId "21874697"]
[BlackFideId "4126661"]
[WhiteElo "2003"]
[BlackElo "2470"]
[Result "0-1"]
[Round "02"]
[TimeControl "180+1"]
[Date "2022.01.26"]
[WhiteClock "0:00:08"]
[BlackClock "0:01:56"]

1. e4 c5 2. Nf3 d6 3. Bb5+ Nd7 4. c3 Nf6 5. Bd3 a6 6. Bc2 b5 7. d4 e6 8. O-O Bb7 9. Re1 Be7 10. Nbd2 O-O 11. Nf1 Re8 12. Ng3 Qc7 13. Be3 Rac8 14. Rc1 Qb8 15. h3 Qa8 16. Nd2 cxd4 17. cxd4 Nf8 18. Qe2 Qb8 19. Bb1 Rxc1 20. Rxc1 Rc8 21. Rd1 Qc7 22. Nf3 Ng6 23. Qd2 d5 24. e5 Ne4 25. Nxe4 dxe4 26. Ng5 Bxg5 27. Bxg5 h6 28. Be3 Bd5 29. Qb4 Qb6 30. Rc1 Rxc1+ 31. Bxc1 a5 32. Qc5 Qxc5 33. dxc5 Nxe5 34. b3 Nc6 35. Kf1 e5 36. Ke2 f5 37. g4 f4 38. Bb2 Kf7 39. Kd2 Ke6 40. Bc2 Nd4 41. Bc3 b4 42. Bb2 Kd7 43. Bxd4 exd4 44. f3 e3+ 45. Ke2 Kc6 46. Bd3 Kxc5 47. h4 g5 48. hxg5 hxg5 49. Bc2 Bc6 50. Be4 Bxe4 51. Kd1 Bxf3+ 52. Kc1 Be4 53. a4 d3 54. Kb2 Kd4 55. Kc1 Kc3 56. Kb1 f3 57. Ka2 f2 58. Kb1 f1=Q+ 59. Ka2 Qe2+ 60. Ka1 Qb2# 0-1


[Site "https://www.chess.com"]

[Event "Titled Tuesday Blitz January 25 2022"]
[White "Selbes, Tarik"]
[Black "Tregubov, Pavel V."]
[WhiteFideId "6302513"]
[BlackFideId "4115341"]
[WhiteElo "2290"]
[BlackElo "2341"]
[Result "1-0"]
[Round "02"]
[TimeControl "180+1"]
[Date "2022.01.26"]
[WhiteClock "0:00:49"]
[BlackClock "0:00:24"]

1. d4 Nf6 2. Nf3 c5 3. d5 b5 4. a4 b4 5. c4 g6 6. b3 Bg7 7. Bb2 O-O 8. Nbd2 d6 9. Qc2 e5 10. dxe6 Bxe6 11. e4 Re8 12. Bd3 Nxe4 13. Bxe4 Bxb2 14. Qxb2 Bf5 15. O-O Bxe4 16. Nxe4 Rxe4 17. Rfe1 Rxe1+ 18. Rxe1 Nc6 19. h4 h6 20. h5 g5 21. Nh2 Nd4 22. Ng4 Kg7 23. Re4 d5 24. Rxd4 cxd4 25. Qxd4+ f6 26. cxd5 Qd6 27. Ne3 Qe5 28. Qxb4 Rc8 29. g4 Kf7 30. Nc4 Qa1+ 31. Kg2 Rc7 32. Qb8 Rd7 33. Nd6+ Kg7 34. Nf5+ Kh7 35. Qe8 Rb7 36. Qg6+ 1-0


[Site "https://www.chess.com"]

[Event "Titled Tuesday Blitz January 25 2022"]
[White "Shipov, Sergei"]
[Black "Kislov, Oleg"]
[WhiteFideId "4113624"]
[BlackFideId "13503774"]
[WhiteElo "2773"]
[BlackElo "2252"]
[Result "1-0"]
[Round "02"]
[TimeControl "180+1"]
[Date "2022.01.26"]
[WhiteClock "0:01:18"]
[BlackClock "0:00:35"]

1. d4 Nf6 2. c4 e6 3. Nc3 Bb4 4. Qc2 d5 5. a3 Be7 6. cxd5 exd5 7. Bg5 c6 8. e3 O-O 9. Bd3 h6 10. Bh4 Re8 11. Nge2 Nbd7 12. O-O Nf8 13. f3 c5 14. Kh1 Be6 15. Bxf6 Bxf6 16. dxc5 Rc8 17. b4 b6 18. Ba6 Rc7 19. Nb5 Rce7 20. Nbd4 bxc5 21. bxc5 Qa5 22. Bd3 Rc7 23. Rac1 Rec8 24. c6 a6 25. Qc3 Qxc3 26. Rxc3 g5 27. Bxa6 Ra8 28. Bb7 Ra5 29. Rb1 Ng6 30. Rc2 Rxa3 31. Nb5 1-0


[Site "https://www.chess.com"]

[Event "Titled Tuesday Blitz January 25 2022"]
[White "Shkapenko, Pavel"]
[Black "Zhukova, Natalia"]
[WhiteFideId "4151933"]
[BlackFideId "14101513"]
[WhiteElo "2386"]
[BlackElo "2296"]
[Result "1-0"]
[Round "02"]
[TimeControl "180+1"]
[Date "2022.01.26"]
[WhiteClock "0:00:16"]
[BlackClock "0:00:01"]

1. e4 e5 2. Nf3 Nc6 3. g3 Nf6 4. d3 d5 5. exd5 Nxd5 6. Bg2 Be7 7. O-O O-O 8. Re1 f6 9. d4 exd4 10. Nxd4 Nxd4 11. Qxd4 Nb6 12. Qxd8 Bxd8 13. a4 a5 14. Nc3 c6 15. Be3 Bc7 16. Rad1 Bf5 17. Be4 Bxe4 18. Nxe4 Nxa4 19. Rd7 Rf7 20. Red1 Re8 21. f3 Nxb2 22. Rxf7 Nxd1 23. Rxc7 Nxe3 24. Rxb7 Nxc2 25. Ra7 Nd4 26. Kf2 Nb3 27. Nd6 Rd8 28. Nf5 g6 29. Nh6+ Kf8 30. Rxh7 a4 31. Ra7 Nc5 32. Ng4 Rd2+ 33. Ke3 Rd6 34. Ra5 Nd7 35. Rxa4 Ke7 36. Nf2 Re6+ 37. Kd2 f5 38. Nd3 Ne5 39. Nxe5 Rxe5 40. h4 Rc5 41. Kd3 Rd5+ 42. Ke3 Rd1 43. Ra7+ Kf6 44. Rc7 Rc1 45. Kd2 Rc5 46. Kd3 Rc1 47. Ke3 Rg1 48. Kf4 Rc1 49. Rd7 Rc4+ 50. Ke3 g5 51. Rd6+ 1-0


[Site "https://www.chess.com"]